 Dungeon Crawl Stone Soup version 0.31-a0-1091-g283494c966 (webtiles) character file.

Game seed: 18376070516508115278

82 Dirtsage the Changeling (level 4, -5/29 HPs)
             Began as an Octopode Shapeshifter on Nov 28, 2023.
             Shot with an arrow by a centaur (11 damage)
             ... on level 3 of the Dungeon.
             The game lasted 00:02:43 (1992 turns).

Dirtsage the Changeling (Octopode Shapeshifter)     Turns: 1992, Time: 00:02:44

Health: -5/29      AC:  1    Str: 15    XL:     4   Next: 43%
Magic:  4/4        EV: 13    Int: 12    God:
Gold:   142        SH:  0    Dex: 17    Spells: 3/3 levels left

rFire   . .          .
                       - Unarmed
rCold   . . .        (no shield)
rNeg    . . .        (helmet currently unavailable)
rPois   .            (no amulet)
rElec   .            k - +6 ring of dexterity
rCorr   .            (no ring)
SInv    .            (no ring)
Will    .....        (no ring)
Stlth   +++          (no ring)
HPRegen 0.24/turn    (no ring)
MPRegen 0.09/turn    (no ring)
                     (no ring)

%: no passive effects
@: beast-form
A: beast (slay +2), almost no armour, amphibious, 8 rings, camouflage 1,
gelatinous body 1, (nimble swimmer 1), tentacles
a: Begin Untransformation


You were on level 3 of the Dungeon.
You were a hulking beast.
You visited 1 branch of the dungeon, and saw 3 of its levels.

You collected 142 gold pieces.

Inventory:

Jewellery
 k - a +6 ring of dexterity (left tentacle)
Talismans
 b - a beast talisman
 c - a flux talisman
Scrolls
 d - a scroll of poison {unknown}
 e - a scroll of noise {unknown}
 f - a scroll of blinking {unknown}
 g - a scroll of teleportation {unknown}
 h - a scroll of amnesia {unknown}
 i - a scroll of immolation {unknown}
 j - a scroll of enchant armour {unknown}
 n - a scroll of fear {unknown}
 o - a scroll of revelation {unknown}
Potions
 a - 2 potions of lignification
 l - a potion of haste {unknown}
 m - a potion of curing {unknown}


   Skills:
 + Level 2.1 Fighting
 - Level 2.0 Dodging
 + Level 3.5 Unarmed Combat
 * Level 4.0 Shapeshifting


You had 3 spell levels left.
You didn't know any spells.
Your spell library contained the following spells:

 Spells                   Type           Power      Damage    Failure   Level
 Magic Dart               Conj           0%         1d3       32%         1
 Searing Ray              Conj           0%         2d4       45%         2
 Gell's Gravitas          Tloc           0%         N/A       69%         3
 Teleport Other           Tloc           0%         N/A       69%         3
 Fulminant Prism          Conj/Hex       0%         3d5       97%         4
 Dispersal                Tloc           0%         N/A       100%        6


Dungeon Overview and Level Annotations

Branches:
Dungeon (3/15)

Altars:

Annotations:
D:1 1 transporter


Innate Abilities, Weirdness & Mutations

You are a hulking beast.
Your limbs bulge with bestial killing power. (Slay +2)
You cannot wear most types of armour.
You are amphibious.
You can wear up to eight rings at the same time.
Your skin changes colour to match your surroundings (Stealth+).
Your rubbery body absorbs attacks. (AC +1, EV +1)
((You are camouflaged when in or above water. (Stealth+)))
You have tentacles for arms and can constrict up to eight enemies at once.


Message History

You see here a +0 leather armour.
n - a beast talisman
o - a scroll labelled JIURHIKUTY A rat comes into view.
Found an escape hatch in the floor.
The rat misses you.
You tentacle-slap the rat.
You kill the rat!
No target in view!
You drop a beast talisman.
You see here a rat corpse.
n - a scroll labelled QUTOME YGUGIT You now have 142 gold pieces (gained 19).
A quokka comes into view.
The helpless quokka fails to defend itself.
You tentacle-slap the quokka. You grab the quokka.
You squeeze the quokka, but do no damage.
The quokka is almost dead.
You constrict the quokka.
You kill the quokka!
No target in view!
No target in view!
Found an escape hatch in the ceiling.
No target in view!
No target in view!
No target in view!
A hobgoblin comes into view.
A centaur comes into view.
The hobgoblin shouts!
The centaur shouts!
The centaur wields a +0 shortbow.
The centaur shoots an arrow.
The arrow hits you!
The centaur shoots an arrow.
The arrow hits you!
* * * LOW HITPOINT WARNING * * *
You take 24 damage, and have 5/29 hp.
MASSIVE DAMAGE!!
You are too injured to fight recklessly!
You are too injured to fight recklessly!
The centaur shoots an arrow.
The arrow misses you.
You see here a +0 robe.
There is an escape hatch in the ceiling here.
The centaur shoots an arrow.
The arrow hits you!
You die...

#.# #.. ......#...
##.# #.##..#....#
#.. #.# ...#
......... #..# #.#
##.#
#...#.######..# #.#
##.#
#.............###.#
##.# #...#.....
.>..##.# ##.# ##gc#
### #..##.## ##.#
#..# #..##.#. ##.#
#.h# #....... ##.#
#..# #.###.#. #
#..#########.# #.#.
#
#............###.#†
#
#.###.##.........%.
#
#............###.##
#
#####.######.###.#
#.# ##.#.##.# #.#
##.###.#.#


You could see a centaur and a hobgoblin.

Vanquished Creatures
  2 adders (D:2)
  7 dart slugs (D:3)
  7 ball pythons
  4 endoplasms (D:1)
  10 goblins
  4 hobgoblins
  2 quokkas
  3 bats
  4 frilled lizards
  5 kobolds
  2 rats
50 creatures vanquished.

Notes
Turn   | Place    | Note
-------+----------+-------------------------------------------
     0 | D:1      | Dirtsage the Octopode Shapeshifter began the quest for the
                  | Orb.
     0 | D:1      | Reached XP level 1. HP: 13/13 MP: 1/1
   223 | D:1      | Reached XP level 2. HP: 15/18 MP: 2/2
   756 | D:1      | Reached XP level 3. HP: 23/23 MP: 3/3
  1239 | D:2      | Reached XP level 4. HP: 24/29 MP: 4/4
  1716 | D:3      | Reached skill level 4 in Shapeshifting
  1987 | D:3      | Noticed a centaur
  1992 | D:3      | Shot with an arrow by a centaur

Illustrated notes

Levels and vault maps discovered:
D:1:      spicycebolla_arrival_risky_transporter, layout_loops_cross,
          minivault_14, hangedman_decor_growths
D:2:      kennysheep_the_goblin_king, layout_basic
D:3:      kennysheep_slugbush, layout_loops_ring,
          grunt_temple_overflow_opulence, hellmonk_ecumenical_altar_arch_garden

Skill      XL: |  1  2  3  4 |
---------------+-------------+-----
Fighting       | 2 |  2.1
Shapeshifting  | 4 |  4.0
Dodging        | |  2.0
Unarmed Combat | |  3.5

Action                     |  1- 3 |  4- 6 || total
---------------------------+-------+-------++-------
  Melee: Unarmed           |    63 |    20 ||    83
         Constrict         |    19 |     9 ||    28
         Tentacles         |     8 |     4 ||    12
         Punch             |     2 |       ||     2
   Stab: Sleeping          |     5 |     5 ||    10
 Armour: Skin              |    22 |     9 ||    31
  Dodge: Dodged            |    30 |    14 ||    44

Table legend: (Time is in decaauts)
 A = Elapsed time spent in this place.
 B = Non-inter-level travel time spent in this place.
 C = Inter-level travel time spent in this place.
 D = Time resting spent in this place.
 E = Time spent auto-exploring this place.
 F = Levels seen in this place.
 G = Mean time per level.
                   A        B        C        D        E       F      G
               +--------+--------+--------+--------+--------+-----+--------+
         Total |   1986 |   1940 |     46 |      0 |   1652 |   3 |  662.0 |
       Dungeon |   1986 |   1940 |     46 |      0 |   1652 |   3 |  662.0 |
               +--------+--------+--------+--------+--------+-----+--------+

Top non-repeatable levels by time:
     D:2: 868 daAuts
     D:1: 811 daAuts
     D:3: 307 daAuts
